 Dungeon Crawl Stone Soup version 0.30-a0-782-ge64f9170bb (webtiles) character file.

Game seed: 7133420658980499828

56 Crownlay the Ruffian (level 3, 0/36 HPs)
             Began as a Troll Fighter on Mar 8, 2023.
             Slain by a gnoll
             ... wielding a +0 club
              (6 damage)
             ... on level 2 of the Dungeon.
             The game lasted 00:01:27 (1122 turns).

Crownlay the Ruffian (Troll Fighter)                Turns: 1122, Time: 00:01:28

Health: 0/36       AC:  4    Str: 24    XL:     3   Next: 69%
Magic:  2/2        EV:  8    Int:  6    God:
Gold:   97         SH:  7    Dex:  9    Spells: 2/2 levels left

rFire   . . .      SeeInvis .      - Unarmed
rCold   . . .      Faith    .    b - +0 kite shield
rNeg    . . .      Spirit   .    a - +0 robe
rPois   .          Reflect  .    (helmet restricted)
rElec   .          Harm     .    (no cloak)
rCorr   .          Rampage  .    (gloves unavailable)
Will    .....                    (boots unavailable)
Stlth   +                        h - amulet of the acrobat
HPRegen 1.06/turn                (no ring)
MPRegen 0.08/turn                (no ring)

@: no status effects
A: large, unfitting armour, claws 3, regeneration 1, shaggy fur 1, tough skin 1
a: no special abilities


You were on level 2 of the Dungeon.
You visited 1 branch of the dungeon, and saw 2 of its levels.

You collected 97 gold pieces.

Inventory:

Armour
 a - a +0 robe (worn)
 b - a +0 kite shield (worn)
Jewellery
 e - a ring of fire
 f - a ring of magical power
 h - an amulet of the acrobat (around neck)
Scrolls
 i - a scroll of fear {unknown}
 k - a scroll of enchant armour {unknown}
 l - 2 scrolls of identify {unknown}
Potions
 c - a potion of might
 d - a potion of attraction {unknown}
 g - a potion of invisibility {unknown}
 j - a potion of heal wounds {unknown}
 m - a potion of lignification {unknown}
 n - 3 potions of haste {unknown}


   Skills:
 + Level 2.8 Fighting
 - Level 2.4 Dodging
 + Level 3.1 Shields
 * Level 3.2 Unarmed Combat


You had 2 spell levels left.
You didn't know any spells.
Your spell library was empty.

Dungeon Overview and Level Annotations

Branches:
Dungeon (2/15)

Altars:

Shops:
D:1 :


Innate Abilities, Weirdness & Mutations

You are too large for most types of armour.
You have claws for hands.
Your natural rate of healing is unusually fast.
You are covered in fur. (AC +1)
You have tough skin. (AC +1)


Message History

There are monsters nearby!
There are monsters nearby!
Found a stone staircase leading down.
The gnoll misses you.
You claw the gnoll!
The gnoll is severely wounded.
The gnoll closely misses you.
You closely miss the gnoll.
The gnoll is severely wounded.
You block the gnoll's attack. The gnoll hits you with a +0 club.
You barely miss the gnoll.
The gnoll is severely wounded.
The gnoll hits you with a +0 halberd. The gnoll hits you with a +0 club.
You claw the gnoll!
You kill the gnoll!
The gnoll hits you with a +0 club.
Your Unarmed Combat skill increases to level 3!
You claw the gnoll!
The gnoll is almost dead.
The gnoll hits you with a +0 flail! You block the gnoll's attack.
You barely miss the gnoll.
The gnoll is almost dead.
The gnoll hits you with a +0 flail. The gnoll hits you with a +0 club.
* * * LOW HITPOINT WARNING * * *
You are too injured to fight recklessly!
You are too injured to fight recklessly!
You are too injured to fight recklessly!
You are too injured to fight recklessly!
You are too injured to fight recklessly!
You are too injured to fight recklessly!
You claw the gnoll!
You kill the gnoll!
The gnoll hits you with a +0 club.
* * * LOW HITPOINT WARNING * * *
You closely miss the gnoll. You block the gnoll's attack.
You claw the gnoll!
The gnoll is heavily wounded.
The gnoll hits you with a +0 club.
* * * LOW HITPOINT WARNING * * *
The gnoll hits you with a +0 club.
You die...

.# ######### .# #.......# .#
#.......# >## #.......# ..#
#.......# ..# #.......# ###).#
####.......# #.@g.#
...#.......# #.##.#
##.#.##.##.#.##.##.#
........##.#.......#
##.#.#####.####.####
##.#.......# #.#######
...#.......# #.......#
#.##.....#.####.#####.# #
#.).............#####.####....


You could see a gnoll.

Vanquished Creatures
  2 gnolls (D:2)
  An adder (D:2)
  A ball python (D:2)
  2 endoplasms (D:2)
  A giant cockroach (D:2)
  5 goblins
  2 hobgoblins
  2 jackals (D:1)
  5 kobolds
  3 bats
  A frilled lizard (D:1)
  A rat (D:2)
26 creatures vanquished.

Notes
Turn   | Place    | Note
-------+----------+-------------------------------------------
     0 | D:1      | Crownlay the Troll Fighter began the quest for the Orb.
     0 | D:1      | Reached XP level 1. HP: 22/22 MP: 0/0
   334 | D:1      | Found a faded altar of an unknown god.
   434 | D:1      | Found Lioleas's Book Shoppe.
   449 | D:1      | You fall into a shaft and drop 1 floor!
   463 | D:2      | Reached XP level 2. HP: 29/29 MP: 1/1
   666 | D:2      | Reached XP level 3. HP: 36/36 MP: 2/2
  1122 | D:2      | Slain by a gnoll

Illustrated notes

Levels and vault maps discovered:
D:1:      minmay_arrival_radiant_lines, layout_basic, serial_bayou,
          serial_bayou_ford_a, serial_bayou_lake_a, serial_bayou_pond_a,
          serial_bayou_pond_b, serial_bayou_pond_a, serial_bayou_pond_a,
          chequers_ecumenical_altar_grove, serial_shops,
          nicolae_shop_hallway_plus, supply_closet_lemuel, minmay_cupped
D:2:      layout_loops_cross

Skill      XL: |  1  2  3 |
---------------+----------+-----
Shields        | 3 |  3.1
Unarmed Combat | 3 |  3.2
Fighting       | |  2.8
Dodging        | |  2.4

Action                     || total
---------------------------++-------
  Melee: Unarmed           ||    58
 Armour: Robe              ||    14
  Dodge: Dodged            ||    26
  Block: Kite shield       ||    15

Table legend: (Time is in decaauts)
 A = Elapsed time spent in this place.
 B = Non-inter-level travel time spent in this place.
 C = Inter-level travel time spent in this place.
 D = Time resting spent in this place.
 E = Time spent auto-exploring this place.
 F = Levels seen in this place.
 G = Mean time per level.
                   A        B        C        D        E       F      G
               +--------+--------+--------+--------+--------+-----+--------+
         Total |   1127 |   1110 |     17 |      0 |    948 |   2 |  563.5 |
       Dungeon |   1127 |   1110 |     17 |      0 |    948 |   2 |  563.5 |
               +--------+--------+--------+--------+--------+-----+--------+

Top non-repeatable levels by time:
     D:1: 824 daAuts
     D:2: 302 daAuts
